 Dungeon Crawl Stone Soup version 0.19.1 (webtiles) character file.

2488 Lovchig the Cleaver (level 9, -8/60 HPs)
             Began as a Minotaur Fighter on Dec 9, 2016.
             Was a Believer of Hepliaklqana.
             Killed by divine providence
             ... invoked by an orc priest
              (12 damage)
             ... on level 7 of the Dungeon.
             The game lasted 00:17:31 (5038 turns).

Lovchig the Cleaver (Minotaur Fighter)              Turns: 5038, Time: 00:17:32

Health: -8/60      AC: 15    Str: 25    XL:     9   Next: 27%
Magic:  8/8        EV:  7    Int:  3    God:    Hepliaklqana [**....]
Gold:   284        SH: 11    Dex:  9    Spells: 0 memorised, 8 levels left

rFire  . . .     SeeInvis .     a - +1 war axe
rCold  + . .     Gourm    .     t - +0 plate armour
rNeg   . . .     Faith    .     c - +0 shield
rPois  .         Spirit   .     (helmet unavailable)
rElec  .         Reflect  .     l - +1 cloak
rCorr  +         Harm     .     (no gloves)
MR     .....                    (no boots)
Stlth  ..........               (no amulet)
                                r - ring of resist corrosion
                                k - ring of protection from cold

@: no status effects
A: retaliatory headbutt, reduced essence, horns 3, dopey 1, frail 1, wild magic
1
a: Recall Ancestor, Ancestor Identity, Renounce Religion


You were on level 7 of the Dungeon.
You worshipped Hepliaklqana.
Hepliaklqana was pleased with you.
You were not hungry.

You visited 1 branch of the dungeon, and saw 7 of its levels.

You collected 284 gold pieces.

Inventory:

Hand Weapons
 a - a +1 war axe (weapon)
Armour
 c - a +0 shield (worn)
 l - a +1 cloak (worn)
 t - a +0 plate armour (worn)
Jewellery
 k - a ring of protection from cold (left hand)
 r - a ring of resist corrosion (right hand)
Wands
 b - a wand of flame (37/48)
 q - a wand of polymorph (19/24)
Scrolls
 j - 2 scrolls of amnesia
 n - a scroll of remove curse
 v - a scroll of recharging
 w - a scroll of blinking
 x - 2 scrolls of teleportation
Potions
 d - 2 potions of might
 e - 2 potions of lignification
 g - 2 potions of curing
 i - 2 potions of brilliance {unknown}
 m - 3 potions of heal wounds
 o - a potion of invisibility
 p - a potion of magic
 s - 2 potions of agility {unknown}
 u - 4 potions of degeneration {unknown}
 z - 2 potions of cancellation {unknown}
 B - a potion of resistance {unknown}
Comestibles
 f - 5 bread rations
 h - 4 chunks of flesh
 A - 3 fruits


   Skills:
 * Level 6.3 Fighting
 * Level 9.7 Axes
 * Level 7.5 Armour
 * Level 4.0 Dodging
 * Level 7.6 Shields


You had 8 spell levels left.
You didn't know any spells.

Dungeon Overview and Level Annotations

Branches:
Dungeon (7/15)             Temple (0/1) D:6

Altars:
Ashenzari
Dithmenos
Fedhas
Hepliaklqana
Okawaru
Trog
Vehumet
Xom
Yredelemnul
The Shining One


Innate Abilities, Weirdness & Mutations

You reflexively headbutt those who attack you in melee.
You have a pair of large horns on your head.
Your life essence is reduced. (-10% HP)
You are dopey. (Int -2)
You are frail. (-10% HP)
Your spells are a little harder to cast, but a little more powerful.


Message History

You closely miss the orc.
The orc is lightly wounded.
The orc hits you but does no damage.
You closely miss the orc.
The orc is lightly wounded.
The orc hits you but does no damage.
You barely miss the orc. Your headbutt misses the orc.
The orc is lightly wounded.
The orc priest calls down the wrath of Beogh upon you.
Beogh smites you!
* * * LOW HITPOINT WARNING * * *
You slash the orc!
You kill the orc!
The orc priest calls down the wrath of Beogh upon you.
Beogh smites you!
* * * LOW HITPOINT WARNING * * *
Items here: ))) [[[ †† The orc priest invokes the aid of Beogh against you.
Beogh smites you!
You die...

### #########.##
#......#R#.##
#.####..###.##
#...##.## ##.######
#.....## ##.R@..#
#...##.## #.#[##.#
#.[.....# #..o... ..
##.###.#.#........###
#.# .##...[.....# #.#
.####.##.#### #.# ..
..##.# #. # #.# ##
### #.# #.# # ##.##
#.# #


You could see the friendly Friðuswiþ the battlemage and an orc priest.

Vanquished Creatures
  An oklob plant (D:6)
  2 ice beasts
  A sky beast (D:7)
  2 centaurs
  3 bullfrogs
  A gnoll sergeant (D:6)
  A scorpion (D:6)
  2 wights (D:5)
  A crimson imp (D:5)
  2 hounds
  A jelly (D:5)
  4 orc priests
  6 orc wizards
  Terence (D:2)
  4 worker ants
  A hound skeleton (D:6)
  4 gnolls (D:6)
  9 adders
  A shadow imp (D:6)
  3 oozes
  2 worms (D:2)
  A dart slug (D:5)
  4 leopard geckos
  23 orcs
  6 giant cockroaches
  4 goblins
  11 hobgoblins
  12 jackals
  11 kobolds
  2 quokkas
  6 bats
  4 frilled lizards
  A leopard gecko skeleton (D:5)
  7 rats
144 creatures vanquished.

Vanquished Creatures (collateral kills)
  An ogre (D:4)
  A big kobold (D:7)
  A water moccasin skeleton (D:5)
  A howler monkey (D:6)
  A wight (D:5)
  An orc priest (D:4)
  2 hounds
  An orc wizard (D:5)
  2 worker ants (D:6)
  A worker ant zombie (D:5)
  A leopard gecko (D:4)
  2 orcs
  3 jackals
  A quokka (D:6)
  2 fungi (D:6)
  A plant (D:6)
22 creatures vanquished.

Vanquished Creatures (others)
  An adder (D:3)
  An ooze (D:3)
  A fungus (D:6)
3 creatures vanquished.

Grand Total: 169 creatures vanquished

Notes
Turn   | Place    | Note
-------+----------+-------------------------------------------
     0 | D:1      | Lovchig the Minotaur Fighter began the quest for the Orb.
     0 | D:1      | Reached XP level 1. HP: 19/19 MP: 0/0
    80 | D:1      | Reached XP level 2. HP: 27/27 MP: 1/1
   649 | D:1      | Reached XP level 3. HP: 27/33 MP: 2/2
   933 | D:3      | Found a basalt altar of Yredelemnul.
   966 | D:3      | Reached skill level 3 in Axes
   973 | D:3      | Reached skill level 1 in Dodging
   975 | D:3      | Reached XP level 4. HP: 35/40 MP: 3/3
  1123 | D:2      | Noticed Terence
  1131 | D:2      | Killed Terence
  1191 | D:2      | Reached skill level 4 in Axes
  1193 | D:2      | Reached XP level 5. HP: 43/46 MP: 4/4
  1974 | D:3      | Found a hazy altar of Hepliaklqana.
  1978 | D:3      | Became a worshipper of Hepliaklqana the Forgotten
  2282 | D:4      | Reached XP level 6. HP: 47/47 MP: 5/5
  2309 | D:4      | Found a glowing golden altar of the Shining One.
  2310 | D:4      | Found a radiant altar of Vehumet.
  2310 | D:4      | Found a bloodstained altar of Trog.
  2341 | D:4      | Reached skill level 5 in Shields
  2421 | D:4      | Gained mutation: You are weak. (Str -2) [potion of mutation]
  2421 | D:4      | Gained mutation: Your spells are a little harder to cast, but a little more powerful. [potion of mutation]
  2421 | D:4      | Gained mutation: You have a pair of large horns on your head. [potion of mutation]
  2495 | D:4      | Reached skill level 5 in Axes
  2495 | D:4      | Reached skill level 5 in Armour
  2529 | D:4      | Found a shadowy altar of Dithmenos.
  2819 | D:4      | Reached XP level 7. HP: 45/54 MP: 6/6
  2838 | D:4      | Reached * piety under Hepliaklqana
  3161 | D:5      | Entered Level 5 of the Dungeon
  3166 | D:5      | Reached skill level 5 in Fighting
  3166 | D:5      | Reached skill level 6 in Axes
  3378 | D:5      | Found a shattered altar of Ashenzari.
  3437 | D:5      | Reached skill level 7 in Axes
  3437 | D:5      | Reached XP level 8. HP: 59/61 MP: 7/7
  3888 | D:5      | Reached ** piety under Hepliaklqana
  3889 | D:5      | Remembered your ancestor Friðuswiþ as a battlemage
  4073 | D:6      | Found an iron altar of Okawaru.
  4109 | D:6      | Found a blossoming altar of Fedhas.
  4128 | D:6      | Noticed an oklob plant
  4153 | D:6      | Killed an oklob plant
  4153 | D:6      | Reached skill level 8 in Axes
  4443 | D:6      | Found a shimmering altar of Xom.
  4456 | D:6      | Reached skill level 9 in Axes
  4456 | D:6      | Reached XP level 9. HP: 67/67 MP: 8/8
  4604 | D:6      | Found a staircase to the Ecumenical Temple.
  4878 | D:7      | Gained mutation: You are dopey. (Int -2) [mutagenic meat]
  4879 | D:7      | Gained mutation: You are frail. (-10% HP) [mutagenic meat]
  4880 | D:7      | Lost mutation: You are weak. (Str -2) [mutagenic meat]
  5038 | D:7      | Killed from afar by an orc priest

Skill      XL: |  1  2  3  4  5  6  7  8 |
---------------+-------------------------+-----
Shields        | 4 5 6 7 |  7.6
Armour         | 4 5 6 7 |  7.5
Fighting       | 4 5 6 |  6.3
Axes           | 3 4 5 7 9 |  9.7
Dodging        | 1 2 4 |  4.0

Action                   |  1- 3 |  4- 6 |  7- 9 || total
-------------------------+-------+-------+-------++-------
Melee: War axe           |    85 |   114 |   191 ||   390
       Headbutt          |    12 |    16 |    35 ||    63
       Unarmed           |       |     4 |       ||     4
Invok: Ancestor Life: Ba |       |       |     1 ||     1
  Use: Scroll            |       |    13 |     6 ||    19
       Potion            |       |     1 |       ||     1
 Stab: Distracted        |       |       |     3 ||     3
  Eat: Chunk             |       |     6 |    11 ||    17
Armor: Scale mail        |    45 |    12 |       ||    57
       Skin              |       |     1 |       ||     1
       Plate armour      |       |    56 |    89 ||   145
Dodge: Dodged            |    22 |    29 |    45 ||    96
Block: Shield            |    43 |    77 |    97 ||   217
